 Dungeon Crawl Stone Soup version 0.27.1-4-g1640c2035a (webtiles) character file.

Game seed: 804763893399084350

0 Findor the Firebug (level 1, -1/13 HPs)
             Began as a Human Fire Elementalist on Nov 5, 2021.
             Slain by a kobold (4 damage)
             ... on level 1 of the Dungeon.
             The game lasted 00:00:27 (63 turns).

Findor the Firebug (Human Fire Elementalist)          Turns: 63, Time: 00:00:28

Health: -1/13      AC:  2    Str:  8    XL:     1   Next: 11%
Magic:  0/3        EV: 12    Int: 15    God:
Gold:   0          SH:  0    Dex: 13    Spells: 3/4 levels left

rFire    . . .     SeeInvis .   (no weapon)
rCold    . . .     Faith    .   (no shield)
rNeg     . . .     Spirit   .   a - +0 robe
rPois    .         Reflect  .   (no helmet)
rElec    .         Harm     .   (no cloak)
rCorr    .         Rampage  .   (no gloves)
Will     .....                  (no boots)
Stlth    ++........             (no amulet)
HPRegen  0.04/turn              (no ring)
MPRegen  0.08/turn              (no ring)

@: no status effects
A: no striking features
a: no special abilities


You were on level 1 of the Dungeon.
You visited 1 branch of the dungeon, and saw 1 of its levels.


   Skills:
 - Level 2.0 Dodging
 - Level 2.0 Stealth
 + Level 2.0 Spellcasting
 * Level 1.0 Conjurations
 * Level 3.0 Fire Magic


You had 3 spell levels left.
You knew the following spells:

 Your Spells              Type           Power      Damage    Failure   Level
a - Foxfire               Conj/Fire      28%        2x1d5     10%         1

Your spell library contained the following spells:

 Spells                   Type           Power      Damage    Failure   Level
 Conjure Flame            Conj/Fire      7%         6-21      28%         3
 Inner Flame              Hex/Fire       6%         N/A       34%         3
 Sticky Flame             Conj/Fire      7%         2d3       67%         4
 Fireball                 Conj/Fire      3%         3d4       95%         5

Inventory:

Armour
 a - a +0 robe (worn)


Message History

You conjure some foxfire!
The foxfire hits the bat but does no damage.
The bat hits you but does no damage. The kobold hits you with a +0 dagger.
The foxfire hits the dart slug.
The foxfire hits the bat.
You kill the bat!
The dart slug launches a dart at you. The slug dart misses you.
The kobold closely misses you.
Casting: Foxfire (safe; 10% risk of failure)
You conjure some foxfire!
The foxfire hits the hobgoblin but does no damage.
The kobold closely misses you.
The foxfire hits the hobgoblin.
The dart slug barely misses you. The kobold hits you with a +0 dagger.
Casting: Foxfire (safe; 10% risk of failure)
You don't have enough magic to cast this spell.
Unknown command.
Unknown command.
There is an open door here.
You hit the hobgoblin but do no damage. The hobgoblin barely misses you.
You closely miss the hobgoblin.
The hobgoblin hits you but does no damage.
A kobold opens the door.
A kobold comes into view.
It is wielding a +0 whip of electrocution.
Casting: Foxfire (safe; 10% risk of failure)
You conjure some foxfire!
The kobold shouts!
The hobgoblin hits you.
* * * LOW HITPOINT WARNING * * *
The hobgoblin closely misses you.
The foxfire hits the hobgoblin.
The hobgoblin misses you.
The kobold shouts!
The hobgoblin closely misses you. The hobgoblin closely misses you.
You hit the hobgoblin but do no damage. The hobgoblin closely misses you.
You hit the hobgoblin but do no damage. The hobgoblin barely misses you.
The kobold throws a stone.
The stone hits you.
* * * LOW HITPOINT WARNING * * *
The kobold throws a stone.
The stone hits you but does no damage.
Casting: Foxfire (safe; 10% risk of failure)
You conjure some foxfire!
The kobold hits you with a +0 dagger.
* * * LOW HITPOINT WARNING * * *
The hobgoblin barely misses you.
The foxfire hits the hobgoblin.
The foxfire hits the kobold but does no damage.
The hobgoblin closely misses you. The kobold barely misses you.
You hit the kobold.
The kobold hits you with a +0 whip of electrocution.
You die...

##'###...##'### ..#
#...+..K'K...+ ..+ ..
##..#..###.#.##..##.##
#..##.#.#.#..#..#...#
##...#...##.......#..
#.#...#......#....##
##.#.....#.##.#.....
###..#..w.#.......(
#.####.KK@.....#. ###
#..#...#....
#.##g.#....## ##
#.#.##### ###+#


You could see a dart slug, a hobgoblin and 2 kobolds.

Vanquished Creatures
  A bat (D:1)
1 creature vanquished.

Vanquished Creatures (others)
  7 foxfires (D:1)
7 creatures vanquished.

Grand Total: 8 creatures vanquished

Notes
Turn   | Place    | Note
-------+----------+-------------------------------------------
     0 | D:1      | Findor the Human Fire Elementalist began the quest for the
                  | Orb.
     0 | D:1      | Reached XP level 1. HP: 13/13 MP: 3/3
    63 | D:1      | Slain by a kobold

Levels and vault maps discovered:
D:1:      arrival_zaba_pyramid, layout_loops_ring,
          shapermc_ecumenical_altar_acropolis, minmay_indecisive_spiral

Action                   || total
-------------------------++-------
Melee: Unarmed           ||     5
 Cast: Foxfire           ||     5
Armor: Robe              ||     5
Dodge: Dodged            ||    14
